 Dungeon Crawl Stone Soup version 0.22.1-1-ga44c0e56f4 (webtiles) character file.

168 Kaderl the Firebug (level 5, -1/35 HPs)
             Began as a Human Fire Elementalist on Sept 23, 2018.
             Succumbed to a scorpion's poison
             ... on level 4 of the Dungeon.
             The game lasted 00:12:27 (3279 turns).

Kaderl the Firebug (Human Fire Elementalist)        Turns: 3279, Time: 00:12:28

Health: -1/35      AC:  3    Str:  9    XL:     5   Next: 77%
Magic:  0/9        EV: 12    Int: 16    God:
Gold:   90         SH:  0    Dex: 13    Spells: 4/10 levels left

rFire    . . .     SeeInvis .   (no weapon)
rCold    . . .     Gourm    .   (no shield)
rNeg     . . .     Faith    .   a - +0 robe
rPois    .         Spirit   .   (no helmet)
rElec    .         Reflect  .   (no cloak)
rCorr    .         Harm     .   (no gloves)
MR       .....                  f - +0 pair of boots
Stlth    ++........             (no amulet)
HPRegen  0.11/turn              (no ring)
MPRegen  0.11/turn              (no ring)

@: lethally poisoned (-1 -> -27), very slightly contaminated
A: no striking features
a: no special abilities


You were on level 4 of the Dungeon.
You were not hungry.

You visited 1 branch of the dungeon, and saw 4 of its levels.

You collected 90 gold pieces.

Inventory:

Armour
 a - a +0 robe (worn)
 f - a +0 pair of boots (worn)
Jewellery
 e - a cursed amulet of inaccuracy {unknown}
 i - an uncursed ring of ice {unknown}
 p - an uncursed ring of resist corrosion {unknown}
Wands
 s - a wand of random effects (19)
Scrolls
 j - 2 scrolls of blinking
 l - a scroll of remove curse
 n - 4 scrolls of identify {unknown}
 o - 2 scrolls of magic mapping
 q - 2 scrolls of teleportation
 r - a scroll of immolation {unknown}
Potions
 b - a potion of might {unknown}
 d - a potion of heal wounds {unknown}
 g - a potion of curing {unknown}
 h - 3 potions of flight {unknown}
 k - 2 potions of haste {unknown}
 m - a potion of ambrosia {unknown}
Comestibles
 c - 2 rations


   Skills:
 + Level 0.1 Fighting
 + Level 2.2 Dodging
 + Level 2.1 Stealth
 + Level 3.2 Spellcasting
 + Level 2.5 Conjurations
 + Level 4.3 Fire Magic


You had 4 spell levels left.
You knew the following spells:

 Your Spells              Type           Power        Failure   Level  Hunger
a - Flame Tongue          Conj/Fire      ##...        4%          1    None
b - Throw Flame           Conj/Fire      ##....       7%          2    ##.....
c - Conjure Flame         Conj/Fire      ##......     13%         3    ###....

Your spell library contained the following spells:

 Spells                   Type           Power        Failure   Level  Hunger
 Inner Flame              Hex/Fire       #.......     22%         3    ###....
 Sticky Flame             Conj/Fire      ##......     41%         4    ####...
 Fireball                 Conj/Fire      ##........   77%         5    ######.


Dungeon Overview and Level Annotations

Branches:
Dungeon (4/15)
 Temple: D:4-7

Altars:
Ashenzari
Nemelex Xobeh


Message History

The scorpion poisons you! The worm bites you but does no damage.
Casting: Flame Tongue (safe; 4% risk of failure)
Confirm with . or Enter, or press ? or * to list all spells.
Aiming: Flame Tongue (safe; 4% risk of failure)
Press: ? - help, Shift-Dir - straight line, f/p - scorpion
Aim: a scorpion (severely wounded)
The flame tongue hits the scorpion.
The scorpion appears unharmed.
The scorpion is severely wounded.
You feel sick. The scorpion stings you.
You are lethally poisoned!
The scorpion poisons you!
You feel sick. The scorpion closely misses you.
You feel sick. The scorpion stings you!
* * * LOW HITPOINT WARNING * * *
You are more poisoned.
The scorpion poisons you!
* * * LOW HITPOINT WARNING * * *
You feel sick.
There is a stone staircase leading up here.
You die...

# ###### .#.
....## ....
##...##...(.
#.#.#.......
#@sw..$.....
#.#.#.......
......##.....
#####.## ...#
..# .## .## #
#. #.


You could see a worm and a scorpion.

Vanquished Creatures
  6 adders
  2 oozes
  6 worms
  2 dart slugs
  4 leopard geckos
  3 orcs (D:3)
  A ball python (D:1)
  6 bats
  6 giant cockroaches
  9 goblins
  7 hobgoblins
  4 jackals (D:3)
  2 quokkas (D:2)
  6 frilled lizards
  6 kobolds
  4 rats
74 creatures vanquished.

Notes
Turn   | Place    | Note
-------+----------+-------------------------------------------
     0 | D:1      | Kaderl the Human Fire Elementalist began the quest for the
                  | Orb.
     0 | D:1      | Reached XP level 1. HP: 13/13 MP: 3/3
   122 | D:1      | Reached XP level 2. HP: 19/19 MP: 0/5
   412 | D:1      | Reached XP level 3. HP: 24/24 MP: 4/6
   672 | D:2      | Learned a level 2 spell: Throw Flame
   953 | D:2      | Reached skill level 4 in Fire Magic
  1006 | D:2      | Reached XP level 4. HP: 26/30 MP: 3/7
  1586 | D:2      | Found a shattered altar of Ashenzari.
  1953 | D:3      | Reached XP level 5. HP: 28/35 MP: 0/8
  2422 | D:3      | Found a faded altar of an unknown god.
  2615 | D:3      | Found a sparkling altar of Nemelex Xobeh.
  3258 | D:3      | Learned a level 3 spell: Conjure Flame
  3279 | D:4      | Succumbed to a scorpion's poison

Skill      XL: |  1  2  3  4  5 |
---------------+----------------+-----
Fire Magic     | 4 |  4.3
Conjurations   | 2 |  2.5
Spellcasting   | 3 |  3.2
Fighting       | |  0.1
Dodging        | |  2.2
Stealth        | |  2.1

Action                   |  1- 3 |  4- 6 || total
-------------------------+-------+-------++-------
Melee: Unarmed           |    28 |    24 ||    52
 Cast: Flame Tongue      |    48 |   106 ||   154
       Throw Flame       |     1 |    11 ||    12
  Use: Scroll            |     3 |     3 ||     6
  Eat: Ration            |     1 |     2 ||     3
Armor: Robe              |    12 |    17 ||    29
Dodge: Dodged            |    48 |    51 ||    99
